 Dungeon Crawl Stone Soup version 0.30-a0-242-g7bf8e6d787 (webtiles) character file.

Game seed: 1667839541300095048

4 blackman the Sneak (level 1, -3/18 HPs)
             Began as a Human Delver on Oct 12, 2022.
             Slain by a gnoll
             ... wielding a +0 spear
              (6 damage)
             ... on level 5 of the Dungeon.
             The game lasted 00:02:53 (254 turns).

blackman the Sneak (Human Delver)                    Turns: 254, Time: 00:02:54

Health: -3/18      AC:  3    Str: 12      XL:     1   Next: 66%
Magic:  1/1        EV: 11    Int: 10      God:
Gold:   0          SH:  0    Dex: 13 (14) Spells: 0/0 levels left

rFire   . . .      SeeInvis .    a - +0 falchion
rCold   . . .      Faith    .    (no shield)
rNeg    . . .      Spirit   .    b - +0 leather armour
rPois   .          Reflect  .    (no helmet)
rElec   .          Harm     .    (no cloak)
rCorr   .          Rampage  .    (no gloves)
Will    .....                    (no boots)
Stlth   +++.......               (no amulet)
HPRegen 0.23/turn                (no ring)
MPRegen 0.07/turn                (no ring)

@: no status effects
A: no striking features
a: no special abilities


You were on level 5 of the Dungeon.
You visited 1 branch of the dungeon, and saw 2 of its levels.

Inventory:

Hand Weapons
 a - a +0 falchion (weapon)
Missiles
 h - 3 boomerangs (quivered)
Armour
 b - a +0 leather armour (worn)
 i - a +0 scale mail


   Skills:
 - Level 3.0 Fighting
 + Level 2.4 Long Blades
 - Level 2.0 Dodging
 - Level 5.0 Stealth


You couldn't memorise any spells.
You didn't know any spells.
Your spell library was empty.

Dungeon Overview and Level Annotations

Branches:
Dungeon (6/15)
 Temple: D:4-7

Altars:

Shops:
D:5 ?

Annotations:
D:5 Eustachio, Grinder


Message History

The jackal is severely wounded.
The jackal bites you but does no damage.
The jackal completely misses you.
You hit the jackal.
You kill the jackal!
You barely miss the jackal. The jackal misses you.
Eustachio mumbles some strange words.
The jackal bites you but does no damage.
Eustachio mumbles some strange words.
You closely miss the jackal. The jackal closely misses you.
Eustachio mumbles some strange words.
The jackal bites you but does no damage.
You barely miss the jackal.
The jackal bites you but does no damage.
You hit the jackal.
The jackal is almost dead.
The jackal closely misses you. x2
You hit the jackal.
You kill the jackal!
You hit the gnoll.
The gnoll is lightly wounded.
The gnoll closely misses you. x2
Eustachio casts a spell.
Eustachio blinks!
The gnoll hits you from afar with a +0 spear.
You completely miss the gnoll.
The gnoll is lightly wounded.
The gnoll barely misses you.
The gnoll hits you from afar with a +0 spear.
* * * LOW HITPOINT WARNING * * *
You are too injured to fight recklessly!
As you read the scroll of fog, it crumbles to dust.
The scroll dissolves into smoke.
The gnoll barely misses you. x2
Throw: 3 boomerangs
Press: ? - help, Shift-Dir - straight line, f - gnoll
Aim: a gnoll, wielding a +0 flail (purple smoke, lightly wounded, 61% to hit)
You throw a boomerang. The boomerang hits the gnoll.
The gnoll is heavily wounded.
The gnoll hits you from afar with a +0 spear.
You die...

### ##@# ****
##g## **,,**
##g## #..,,*
##g## #..,,*
##5##
#..,,*##r##
#####'####.##
...##..5.5##
...#.....##


You could see 2 gnolls.

Vanquished Creatures
  3 jackals (D:5)
3 creatures vanquished.

Notes
Turn   | Place    | Note
-------+----------+-------------------------------------------
     0 | D:5      | blackman the Human Delver began the quest for the Orb.
     0 | D:5      | Reached XP level 1. HP: 18/18 MP: 1/1
    20 | D:5      | Noticed a hound
    25 | D:5      | Noticed an ogre
    59 | D:6      | Noticed a bullfrog
    67 | D:5      | Noticed Grinder
   218 | D:5      | Noticed Eustachio
   223 | D:5      | Noticed a quasit
   223 | D:5      | Noticed an iron imp
   248 | D:5      | Noticed a crimson imp
   252 | D:5      | Noticed an iron imp
   254 | D:5      | Slain by a gnoll

Illustrated notes

Levels and vault maps discovered:
D:5:      layout_gridville, serial_shops, nicolae_diamond_shop,
          gup_sewer_entry_glass, uniq_menkaure, uniq_grinder, uniq_eustachio
D:6:      layout_cave_pools, nicolae_ossuary_entry_false_entrances

Action                   || total
-------------------------++-------
Melee: Falchion          ||    21
Throw: Boomerang         ||     5
       Throwing net      ||     2
Evoke: Wand              ||     3
  Use: Scroll            ||     4
       Potion            ||     2
Armor: Leather armour    ||    21
Dodge: Dodged            ||    38

Table legend: (Time is in decaauts)
 A = Elapsed time spent in this place.
 B = Non-inter-level travel time spent in this place.
 C = Inter-level travel time spent in this place.
 D = Time resting spent in this place.
 E = Time spent auto-exploring this place.
 F = Levels seen in this place.
 G = Mean time per level.
                   A        B        C        D        E       F      G
               +--------+--------+--------+--------+--------+-----+--------+
         Total |    240 |    240 |      0 |     56 |      4 |   2 |  120.0 |
       Dungeon |    240 |    240 |      0 |     56 |      4 |   2 |  120.0 |
               +--------+--------+--------+--------+--------+-----+--------+

Top non-repeatable levels by time:
     D:5: 218 daAuts
     D:6: 22 daAuts
